 Dungeon Crawl Stone Soup version 0.17-a0-2127-g1cb09f6 (webtiles) character file.

58 septik the Magician (level 3, -1/24 HPs)
             Began as a Mummy Wizard on Oct 22, 2015.
             Slain by an adder (2 damage)
             ... on level 3 of the Dungeon.
             The game lasted 00:11:24 (2068 turns).

septik the Magician (Mummy Wizard)                  Turns: 2068, Time: 00:11:25

Health: -1/24      AC:  3    Str: 10    XL:     3   Next: 76%
Magic:  2/7        EV: 12    Int: 18    God:
Gold:   159        SH:  0    Dex: 10    Spells: 3 memorised, 2 levels left

rFire  . . .     SeeInvis .     d - +0 dagger
rCold  + . .     Clarity  .     a - +0 robe
rNeg   + + +     SustAt   .     (no shield)
rPois  ∞         Gourm    .     b - +0 hat
rElec  .         Spirit   .     (no cloak)
rCorr  .         Warding  .     i - +0 pair of gloves
rMut   .         Stasis   .     (no boots)
MR     .....                    (no amulet)
Stlth  ++........               m - ring of fire
                                k - ring of protection from cold

@: very slightly contaminated, not resistant to hostile enchantments, unstealthy
A: no food or potions, fire vulnerability, cold resistance 1, negative energy
resistance 3, torment resistance, unbreathing
a: no special abilities


You were on level 3 of the Dungeon.
You were not hungry.

You visited 1 branch of the dungeon, and saw 3 of its levels.

You collected 159 gold pieces.

Inventory:

Hand Weapons
 d - a +0 dagger (weapon)
 e - a +0 hunting sling
 n - a +0 dagger of flaming
Missiles
 g - 73 stones (quivered)
 h - 15 arrows
Armour
 a - a +0 robe (worn)
 b - a +0 hat (worn)
 i - a +0 pair of gloves (worn)
 o - a +0 buckler
Jewellery
 j - an uncursed ring of poison resistance
 k - a ring of protection from cold (left hand)
 m - a ring of fire (right hand)
Scrolls
 f - a scroll of random uselessness
 l - a scroll of recharging {unknown}
 p - a scroll of remove curse
Books
 c - a book of Minor Magic

   Spells                             Type                      Level
   a - Magic Dart                     Conjuration                  1
   b - Blink                          Translocation                2
   c - Call Imp                       Summoning                    2
   d - Repel Missiles                 Charms/Air                   2
   e - Slow                           Hexes                        2
   f - Conjure Flame                  Conjuration/Fire             3
   g - Mephitic Cloud                 Conjuration/Poison/Air       3


   Skills:
 - Level 1.5 Dodging
 - Level 1.5 Stealth
 - Level 3.0 Spellcasting
 - Level 2.5 Conjurations
 - Level 0.7 Summonings
   Level 0.7 Translocations
 + Level 1.0 Air Magic
 + Level 0.5 Poison Magic


You had 2 spell levels left.
You knew the following spells:

 Your Spells              Type           Power        Failure   Level  Hunger
a - Magic Dart            Conj           ##..         8%          1    N/A
b - Call Imp              Summ           #.......     21%         2    N/A
c - Mephitic Cloud        Conj/Pois/Air  #.......     30%         3    N/A

Dungeon Overview and Level Annotations

Branches:
Dungeon (3/15)

Altars:
Okawaru

Annotations:
D:2 !sigmund, 1 exclusion, Sigmund


Innate Abilities, Weirdness & Mutations

You do not eat or drink.
Your flesh is vulnerable to fire.
You are immune to poison.
Your flesh is cold resistant.
You are immune to negative energy.
You are immune to unholy pain and torment.
You can survive without breathing.


Message History

The adder closely misses you.
You hit the adder.
The adder is almost dead.
The adder barely misses you.
Your crimson imp closely misses the adder.
A jackal comes into view.
You barely miss the adder.
The adder is almost dead.
The adder misses you.
Your crimson imp blinks!
The adder barely misses you.
You barely miss the adder.
The adder is almost dead.
The jackal closely misses you. The adder bites you.
* * * LOW HITPOINT WARNING * * *
You hit the adder but do no damage.
The adder is almost dead.
Your crimson imp disappears in a puff of smoke!
The jackal closely misses you. The adder bites you.
You die...

.. <# ########.#
#........#
#........##
#...>.....#
####..§....# .
...........§# ...
#####.....@S##.....
..........h...#
##.####.<..#..# ...
#.####..# ... #.#
.# .. #.# .. ... ..
#. ...


You could see an adder and a jackal.

Vanquished Creatures
  An adder (D:2)
  An ooze (D:1)
  4 giant geckos (D:1)
  4 hobgoblins (D:2)
  3 jackals (D:2)
  3 kobolds (D:1)
  3 bats (D:2)
  3 giant newts (D:1)
  5 goblins
  10 rats
37 creatures vanquished.

Vanquished Creatures (collateral kills)
  An ooze (D:2)
  2 orcs (D:3)
  A jackal (D:3)
  A kobold (D:2)
5 creatures vanquished.

Grand Total: 42 creatures vanquished

Notes
Turn   | Place    | Note
--------------------------------------------------------------
     0 | D:1      | septik the Mummy Wizard began the quest for the Orb.
     0 | D:1      | Reached XP level 1. HP: 13/13 MP: 4/4
    41 | D:1      | Reached skill level 1 in Conjurations
   279 | D:1      | Reached XP level 2. HP: 19/19 MP: 0/6
   283 | D:1      | Learned a level 2 spell: Call Imp
   915 | D:2      | Reached XP level 3. HP: 17/24 MP: 0/7
   920 | D:2      | Learned a level 3 spell: Mephitic Cloud
  1127 | D:2      | Found an iron altar of Okawaru.
  1684 | D:2      | Noticed Sigmund
  1973 | D:2      | Reached skill level 1 in Air Magic
  2067 | D:3      | HP: 1/24 [adder (4)]
  2068 | D:3      | Slain by an adder

Vault maps used:
D:1:      minmay_arrival_split_and_join
D:2:      okawaru_trees_1, uniq_sigmund
D:3:      wad_river_or_something, old_standard_altar, overflow_temple_1_default,
          first_bread

Action                   || total
-------------------------++-------
Melee: Dagger            ||    39
 Cast: Magic Dart        ||    75
       Call Imp          ||     7
  Use: Scroll            ||     5
 Stab: Sleeping          ||     3
